 Dungeon Crawl Stone Soup version 0.22-a0-558-gc224181 (webtiles) character file.

3296 Hebeh the Cleaver (level 9, -5/82 HPs)
             Began as a Minotaur Fighter on June 27, 2018.
             Was a Follower of Trog.
             Killed by the air
             ... invoked by Gastronok
              (23 damage)
             ... on level 7 of the Dungeon.
             The game lasted 00:21:45 (6534 turns).

Hebeh the Cleaver (Minotaur Fighter)                Turns: 6534, Time: 00:21:46

Health: -5/82      AC: 21    Str: 24    XL:     9   Next: 70%
Magic:  8/8        EV:  5    Int:  5    God:    Trog [*.....]
Gold:   424        SH: 12    Dex: 14    Spells: 8/8 levels left

rFire    . . .     SeeInvis .   a - +1 war axe
rCold    . . .     Gourm    .   c - +0 shield
rNeg     . . .     Faith    .   w - +5 plate armour {ponderous}
rPois    .         Spirit   .   t - +1 hat
rElec    .         Reflect  .   (no cloak)
rCorr    .         Harm     .   (no gloves)
MR       .....                  (no boots)
Stlth    ..........             (no amulet)
HPRegen  0.23/turn              o - +4 ring of dexterity
MPRegen  0.11/turn              m - +2 ring of protection

@: slow
A: retaliatory headbutt, horns 2
a: Berserk, Renounce Religion


You were on level 7 of the Dungeon.
You worshipped Trog.
Trog was aware of your devotion.
You were hungry.

You visited 2 branches of the dungeon, and saw 9 of its levels.

You collected 424 gold pieces.

Inventory:

Hand Weapons
 a - a +1 war axe (weapon)
Armour
 c - a +0 shield (worn)
 t - a +1 hat (worn)
 w - a +5 plate armour of ponderousness (worn)
Jewellery
 m - a +2 ring of protection (right hand)
 o - a +4 ring of dexterity (left hand)
 C - an uncursed ring of magical power {unknown}
Wands
 v - a wand of iceblast (7)
Scrolls
 b - a scroll of fog {unknown}
 e - 4 scrolls of teleportation
 h - a scroll of remove curse
 k - a scroll of enchant weapon
 l - 3 scrolls of amnesia
 n - 4 scrolls of identify
 p - a scroll of blinking
 s - a scroll of magic mapping
 x - a scroll of immolation
 y - a scroll of fear
Potions
 d - 2 potions of might
 g - 8 potions of curing {unknown}
 i - a potion of mutation {unknown}
 j - a potion of agility {unknown}
 q - a potion of haste {unknown}
 r - a potion of lignification {unknown}
 u - a potion of flight {unknown}
 z - a potion of brilliance {unknown}
 B - a potion of berserk rage {unknown}
Comestibles
 f - 13 rations
 A - 8 chunks of flesh


   Skills:
 + Level 8.3 Fighting
 * Level 10.6 Axes
 + Level 8.2 Armour
 + Level 8.2 Shields


You had 8 spell levels left.
You didn't know any spells.
Your spell library was empty.

Dungeon Overview and Level Annotations

Branches:
Dungeon (8/15)             Temple (1/1) D:6
   Lair: D:8-11

Altars:
Ashenzari
Cheibriados
Dithmenos
Elyvilon
Fedhas
Hepliaklqana
Kikubaaqudgha
Ru
Trog
Wu Jian
Xom
Zin
The Shining One

Annotations:
D:7 Gastronok


Innate Abilities, Weirdness & Mutations

You reflexively headbutt those who attack you in melee.
You have a pair of horns on your head.


Message History

The two-headed ogre hits you with a giant club!
* * * LOW HITPOINT WARNING * * *
You climb upwards.
There is a stone staircase leading down here.
You are too injured to fight recklessly!
You slash the two-headed ogre!
You kill the two-headed ogre!
Trog accepts your kill.
Your Fighting skill increases to level 8!
Your Armour skill increases to level 8!
Your Shields skill increases to level 8!
You slash Gastronok! Gastronok casts a spell at you.
You barely resist.
Some of the chunks of flesh in your inventory have rotted away.
You slice Gastronok!! You headbutt Gastronok.
Gastronok is moderately wounded.
Gastronok waves his eye-stalks in wide circles.
The air twists around and strikes you!
You die...

..............# #.#
..............# #.#
.............## ###.#
............## #...#
..###......## #...# ..#
#).....## #...#
..###.......######...#
#..#......>.....w....#
............###)@#...#
#.#.........###.##...#
#.#...........).##...#
#.....##......####.[.#
#.##.....####.)#####.#
#.....#### #...####.#
#..#..#######.#...##.####
(.................<.....#
...#.(####..............#


You could see Gastronok.

Vanquished Creatures
  A two-headed ogre (D:7)
  A hippogriff (D:7)
  A wyvern (D:8)
  Menkaure (D:6)
  A water moccasin (D:7)
  A sky beast (D:6)
  An orc warrior (D:6)
  2 ice beasts (D:6)
  4 ogres
  A necrophage (D:7)
  A phantom (D:3)
  2 bullfrogs (D:7)
  4 scorpions
  2 crimson imps (D:6)
  A centaur zombie (D:2)
  A hound (D:7)
  A centaur skeleton (D:4)
  7 orc priests
  7 orc wizards
  A bullfrog skeleton (D:7)
  An iguana (D:6)
  2 worker ants
  A worker ant zombie (D:3)
  3 gnolls (D:7)
  7 adders
  3 shadow imps (D:7)
  3 oozes
  An adder zombie (D:7)
  2 adder skeletons (D:6)
  6 leopard geckos
  29 orcs
  A ball python (D:1)
  4 giant cockroaches
  8 goblins
  5 hobgoblins
  3 jackals (D:7)
  A quokka (D:7)
  7 bats
  3 frilled lizards
  5 kobolds
  A quokka skeleton (D:6)
  7 rats
144 creatures vanquished.

Notes
Turn   | Place    | Note
-------+----------+-------------------------------------------
     0 | D:1      | Hebeh the Minotaur Fighter began the quest for the Orb.
     0 | D:1      | Reached XP level 1. HP: 19/19 MP: 0/0
   281 | D:1      | Reached XP level 2. HP: 25/27 MP: 1/1
   330 | D:1      | Reached skill level 3 in Axes
   756 | D:2      | Reached XP level 3. HP: 32/33 MP: 2/2
   876 | D:2      | Found a shimmering altar of Xom.
   879 | D:2      | Found a shadowy altar of Dithmenos.
   884 | D:2      | Found a hazy altar of Hepliaklqana.
  1123 | D:2      | Reached XP level 4. HP: 36/40 MP: 3/3
  1281 | D:2      | Found an ornate altar of the Wu Jian Council.
  1549 | D:3      | Reached skill level 4 in Axes
  1566 | D:3      | Noticed a phantom
  1871 | D:3      | Killed a phantom
  1871 | D:3      | Reached XP level 5. HP: 32/47 MP: 4/4
  1994 | D:3      | Reached skill level 5 in Axes
  2124 | D:3      | Reached XP level 6. HP: 42/55 MP: 5/5
  2573 | D:3      | Reached skill level 5 in Armour
  2573 | D:3      | Reached skill level 5 in Shields
  2577 | D:3      | Reached skill level 5 in Fighting
  2924 | D:4      | Reached skill level 6 in Axes
  3106 | D:4      | Reached XP level 7. HP: 48/61 MP: 6/6
  3596 | D:5      | Entered Level 5 of the Dungeon
  4108 | D:5      | Found a blossoming altar of Fedhas.
  4483 | D:5      | Reached skill level 7 in Axes
  4784 | D:6      | Noticed Menkaure
  4794 | D:6      | Killed Menkaure
  4794 | D:6      | Reached XP level 8. HP: 18/70 MP: 7/7
  5072 | D:6      | Found a sacrificial altar of Ru.
  5106 | D:6      | Reached skill level 8 in Axes
  5179 | D:6      | Found a glowing golden altar of the Shining One.
  5386 | D:6      | Found a staircase to the Ecumenical Temple.
  5422 | Temple   | Entered the Ecumenical Temple
  5487 | Temple   | Became a worshipper of Trog the Wrathful
  5640 | D:6      | Found a glowing silver altar of Zin.
  5644 | D:6      | Found a white marble altar of Elyvilon.
  5984 | D:7      | Reached skill level 9 in Axes
  5998 | D:7      | Reached XP level 9. HP: 79/79 MP: 8/8
  6230 | D:7      | Reached * piety under Trog
  6378 | D:7      | Found an ancient bone altar of Kikubaaqudgha.
  6513 | D:8      | Noticed a two-headed ogre
  6513 | D:8      | Noticed Gastronok
  6524 | D:8      | Reached skill level 10 in Axes
  6533 | D:7      | Killed a two-headed ogre
  6534 | D:7      | Killed from afar by Gastronok

Vault maps used:
D:1:      dpeg_arrival_chambers_temple_mockup, minmay_cut_off
D:2:      lemuel_crystal_altar, grunt_temple_overflow_diamond
D:3:      first_ration, grunt_ministairs_1, minmay_misc_feat_ornament
D:5:      marbit_many_paths, kennysheep_generic_room_5
D:6:      good_gods_temple_1, old_standard_altar, temple_statues, uniq_menkaure
D:7:      kiku_gazebo_garden_becter
D:8:      uniq_gastronok
Temple:   minmay_temple_curvy_loop

Skill      XL: |  1  2  3  4  5  6  7  8  9 |
---------------+----------------------------+-----
Axes           | 3 4 5 6 7 9 10 | 10.6
Fighting       | 4 5 6 7 8 |  8.3
Armour         | 4 5 6 7 8 |  8.2
Shields        | 4 5 6 7 8 |  8.2

Action                   |  1- 3 |  4- 6 |  7- 9 || total
-------------------------+-------+-------+-------++-------
Melee: War axe           |    67 |    91 |   224 ||   382
       Headbutt          |     2 |    27 |    46 ||    75
  Use: Scroll            |       |    10 |     5 ||    15
  Eat: Chunk             |     1 |     6 |    11 ||    18
Armor: Scale mail        |    35 |    22 |    11 ||    68
       Plate armour      |       |       |   113 ||   113
Dodge: Dodged            |    19 |    24 |    48 ||    91
Block: Shield            |    40 |    46 |   124 ||   210

Table legend:
 A = Spawn XP
 B = Non-spawn XP
 C = Spawn XP percentage of total XP
 D = Spawn monster count
 E = Non-spawn monster count
 F = Spawn count percentage of total count
 G = Total turns spent on level
                    A         B        C        D         E        F      G
               +---------+---------+-------+---------+---------+-------+---------
         Total |       0 |    4709 |   0.0 |       0 |     144 |   0.0 |  6534
               +---------+---------+-------+---------+---------+-------+---------
           D:1 |       0 |      32 |   0.0 |       0 |      21 |   0.0 |   567
           D:2 |       0 |      79 |   0.0 |       0 |      15 |   0.0 |   789
           D:3 |       0 |     407 |   0.0 |       0 |      28 |   0.0 |  1369
           D:4 |       0 |     313 |   0.0 |       0 |      12 |   0.0 |   871
           D:5 |       0 |     496 |   0.0 |       0 |      21 |   0.0 |  1167
           D:6 |       0 |    1203 |   0.0 |       0 |      20 |   0.0 |  1100
           D:7 |       0 |    1951 |   0.0 |       0 |      25 |   0.0 |   539
           D:8 |       0 |     228 |   0.0 |       0 |       2 |   0.0 |    21
               +---------+---------+-------+---------+---------+-------+---------
